 Dungeon Crawl Stone Soup version 0.18-a0-917-g8a3da5b (webtiles) character file.

80 patman the Ducker (level 4, -4/28 HPs)
             Began as an Octopode Artificer on Dec 26, 2015.
             Was an Initiate of Nemelex Xobeh.
             Slain by a gnoll
             ... wielding a +2 spear of chaos
              (19 damage)
             ... on level 2 of the Dungeon.
             The game lasted 00:04:39 (1653 turns).

patman the Ducker (Octopode Artificer)              Turns: 1653, Time: 00:04:40

Health: -4/28      AC:  1    Str: 10    XL:     4   Next: 39%
Magic:  6/6        EV: 14    Int: 14    God:    Nemelex Xobeh [......]
Gold:   47         SH:  0    Dex: 13    Spells: 0 memorised, 3 levels left

rFire  . . .     SeeInvis .     a - +0 short sword
rCold  . . .     Gourm    .     (no shield)
rNeg   . . .     Faith    .     (helmet restricted)
rPois  .         Spirit   .     (no amulet)
rElec  .         Dismiss  .     (no ring)
rCorr  .         Reflect  .     (no ring)
SustAt .         Harm     .     (no ring)
MR     .....                    (no ring)
Stlth  +++.......               (no ring)
                                (no ring)
                                (no ring)
                                (no ring)

@: lethally poisoned (-4 -> -10), not resistant to hostile enchantments, fairly
stealthy
A: almost no armour, amphibious, 8 rings, constrict 8, camouflage 1, gelatinous
body 1
a: Renounce Religion


You were on level 2 of the Dungeon.
You worshipped Nemelex Xobeh.
Nemelex Xobeh was noncommittal.
You were not hungry.

You visited 1 branch of the dungeon, and saw 2 of its levels.

You collected 47 gold pieces.

Inventory:

Hand Weapons
 a - a +0 short sword (weapon)
 r - a +0 dagger of chaos
Missiles
 i - 82 stones (quivered)
 l - 2 tomahawks of returning
Jewellery
 n - an uncursed ring of protection from fire {unknown}
Wands
 b - a wand of flame (15/48)
 c - a wand of enslavement (15/24)
 d - a wand of random effects (15/48)
Scrolls
 e - a scroll of remove curse
 g - a scroll of amnesia {unknown}
 j - a scroll of teleportation
Potions
 h - a potion of agility
 o - 2 potions of heal wounds {unknown}
 q - a potion of curing {unknown}
Miscellaneous
 m - a plain deck of escape {the Shaft}
 p - a plain deck of war {drawn: 4}
Comestibles
 f - a bread ration
 k - 4 fruits


   Skills:
 - Level 1.0 Fighting
 - Level 1.0 Short Blades
 + Level 4.5 Dodging
 - Level 1.3 Stealth
 - Level 3.2 Evocations


You had 3 spell levels left.
You didn't know any spells.

Dungeon Overview and Level Annotations

Branches:
Dungeon (2/15)

Altars:
Nemelex Xobeh


Innate Abilities, Weirdness & Mutations

You cannot wear most types of armour.
You are amphibious.
You can wear up to eight rings at the same time.
You can use your tentacles to constrict eight enemies at once.
Your skin changes colour to match your surroundings (Stealth).
Your rubbery body absorbs attacks (AC +1).


Message History

You momentarily phase out as the gnoll's attack passes through you.
You hit the gnoll but do no damage.
The gnoll is heavily wounded.
You are firmly grounded in the material plane once more.
You constrict the gnoll. The gnoll closely misses you.
The gnoll closely misses you.
You hit the gnoll.
The gnoll is almost dead.
You constrict the gnoll. The gnoll barely misses you.
The gnoll hits you with a spear of chaos.
You are poisoned.
The gnoll barely misses you.
You hit the gnoll.
You kill the gnoll!
You feel sick.
The gnoll hits you from afar with a spear of chaos!
You are electrocuted!
Ouch! That really hurt!
You die...
Your body disappears without a glow.

###############
#.............#
##.###########)#
########..###########.####
........................).
######................####
#...@..##......#.#
#...).###.####.#.#
##..g####.# #.#.#
##..##...# #÷#.####
##.###### #.#<...#
#≈#≈#..≈# #.#.....
###..≈.#.# #.#..#.#
.≈≈##.⌠.# #.#.....
#.#..##!⌠ ####.#.#


You could see a gnoll.

Vanquished Creatures
  3 gnolls (D:2)
  2 adders (D:2)
  A worm (D:2)
  2 giant geckos (D:1)
  2 giant cockroaches
  A goblin (D:1)
  5 hobgoblins
  2 jackals (D:1)
  3 kobolds (D:1)
  2 ball pythons
  2 bats (D:1)
  A giant newt (D:1)
  5 rats (D:1)
31 creatures vanquished.

Notes
Turn   | Place    | Note
--------------------------------------------------------------
     0 | D:1      | patman the Octopode Artificer began the quest for the Orb.
     0 | D:1      | Reached XP level 1. HP: 13/13 MP: 3/3
   499 | D:1      | Reached XP level 2. HP: 18/18 MP: 4/4
   668 | D:1      | Found a sparkling altar of Nemelex Xobeh.
   677 | D:1      | Became a worshipper of Nemelex Xobeh the Trickster
   733 | D:1      | Received a gift from Nemelex Xobeh
  1143 | D:1      | Reached XP level 3. HP: 14/23 MP: 5/5
  1307 | D:2      | Reached skill level 4 in Dodging
  1551 | D:2      | Received a gift from Nemelex Xobeh
  1616 | D:2      | Reached XP level 4. HP: 23/28 MP: 6/6
  1653 | D:2      | Slain by a gnoll

Vault maps used:
D:1:      dpeg_arrival_water_temple_mockup, nemelex_diamond_rough_becter
D:2:      nicolae_dithmenos_through_a_glass_darkly,
          nicolae_overflow_hidden_temple, tgw_xom

Action                   |  1- 3 |  4- 6 || total
-------------------------+-------+-------++-------
Melee: Short sword       |    71 |     8 ||    79
Throw: Stone             |     1 |       ||     1
Evoke: Deck              |     3 |     1 ||     4
  Use: Scroll            |     4 |       ||     4
 Stab: Sleeping          |     4 |       ||     4
  Eat: Chunk             |     2 |       ||     2
